 Dungeon Crawl Stone Soup version 0.24.0-2-g5b39cebb1c (webtiles) character file.

Game seed: 10961927151197462175, levelgen mode: deterministic

554 H0rd4k the Charlatan (level 7, 0/51 HPs)
             Began as a Human Artificer on Oct 30, 2019.
             Was an Initiate of Gozag.
             Succumbed to a worker ant's poison
             ... on level 5 of the Dungeon.
             The game lasted 00:09:09 (5113 turns).

H0rd4k the Charlatan (Human Artificer)              Turns: 5113, Time: 00:09:10

Health: 0/51       AC:  4    Str: 14    XL:     7   Next: 55%
Magic:  10/10      EV: 13    Int: 12    God:    Gozag
Gold:   150        SH:  0    Dex: 13    Spells: 6/6 levels left

rFire    + . .     SeeInvis .   s - +0 rapier
rCold    . . .     Gourm    .   (no shield)
rNeg     . . .     Faith    .   b - +1 leather armour
rPois    .         Spirit   .   (no helmet)
rElec    .         Reflect  .   (no cloak)
rCorr    .         Harm     .   (no gloves)
MR       .....                  (no boots)
Stlth    ++........             (no amulet)
HPRegen  0.17/turn              q - ring of wizardry
MPRegen  0.12/turn              (no ring)

@: lethally poisoned (0 -> -1), gold aura
A: fire resistance 1, mutation resistance 1
a: Potion Petition, Call Merchant, Bribe Branch, Renounce Religion


You were on level 5 of the Dungeon.
You worshipped Gozag.
Gozag was aware of your devotion.
You were not hungry.

You visited 2 branches of the dungeon, and saw 6 of its levels.

You collected 185 gold pieces.
You paid 35 gold pieces to Gozag.

Inventory:

Hand Weapons
 a - a +0 short sword
 r - a +0 long sword
 s - a +0 rapier (weapon)
Armour
 b - a +1 leather armour (worn)
Jewellery
 q - a ring of wizardry (left hand)
Wands
 c - a wand of digging (6)
 d - a wand of enslavement (7)
 e - a wand of random effects (5)
Scrolls
 g - 2 scrolls of teleportation
 i - a scroll of identify
 k - 2 scrolls of fog
 m - 2 scrolls of remove curse
 n - a scroll of enchant armour
 p - 3 scrolls of noise {unknown}
Potions
 l - a potion of agility
Comestibles
 f - 9 rations


   Skills:
 + Level 2.9 Fighting
 + Level 3.4(3.5) Short Blades
 + Level 1.3(2.6) Long Blades
   Level 0.1 Axes
 + Level 3.0 Armour
 + Level 3.5 Dodging
 + Level 2.2 Stealth
 + Level 4.1 Evocations


You had 6 spell levels left.
You didn't know any spells.
Your spell library contained the following spells:

 Spells                   Type           Power        Failure   Level  Hunger
 Animate Skeleton         Necr           N/A          16%         1    ##.....
 Apportation              Tloc           #.....       16%         1    ##.....
 Confusing Touch          Hex            #.....       16%         1    ##.....
 Corona                   Hex            #......      16%         1    ##.....
 Summon Small Mammal      Summ           #...         16%         1    ##.....
 Call Imp                 Summ           #.......     24%         2    ###....
 Ensorcelled Hibernation  Hex/Ice        #.....       24%         2    ###....
 Call Canine Familiar     Summ           #.......     43%         3    ####...
 Confuse                  Hex            #.......     43%         3    ####...
 Dazzling Spray           Conj/Hex       #.....       43%         3    ####...
 Summon Guardian Golem    Hex/Summ       #.......     43%         3    ####...
 Tukima's Dance           Hex            #.......     43%         3    ####...
 Summon Ice Beast         Ice/Summ       #.......     82%         4    #####..
 Summon Lightning Spire   Summ/Air       #.......     82%         4    #####..


Dungeon Overview and Level Annotations

Branches:
Dungeon (5/15)             Temple (1/1) D:4

Altars:
Dithmenos
Elyvilon
Fedhas
Gozag
Makhleb
Nemelex Xobeh
Vehumet
Xom
Zin

Annotations:
D:4 exclusions: downstairs and phantom


Innate Abilities, Weirdness & Mutations

Your flesh is heat resistant. (rF+)
You are somewhat resistant to further mutation.


Message History

Aim: an orc, wielding a +0 flail (lightly wounded, chance to defeat MR: 74%)
The orc struggles to resist.
The jackal barely misses you.
Your ice beast hits the orc.
Your ice beast freezes the orc.
The orc dies!
You closely miss the jackal. The jackal bites you.
* * * LOW HITPOINT WARNING * * *
Your ice beast hits the jackal.
Your ice beast freezes the jackal!
The jackal dies!
It was a potion of cancellation.
Your magical effects are unravelling.
You feel magically purged.
You float gracefully downwards.
* * * LOW HITPOINT WARNING * * *
You feel sick.
Okay, then.
Unknown command.
Evoke which item? (* to show all) (? for menu, Esc to quit)
Okay, then.
Unknown command.
You die...
Your body crumbles into a pile of gold.

#. ....###..............#
###. #.....#.......##......
..... #..##.......#.##....Y#
#...##..##.......#..#......
#...#.$##.................
#....$.$...........#.....
...#..$$###.......##..####..
.≈.....(###.....(###.##.....
.........##@...####......#..
.#...Y.......#..####.#...#..
##..#......###..##..##.....
##.#####..###..#....##.##. .
##.....#......###.# # ..
#......##.......### ..
...(......(.......#
..#...$$..........#
......##.####..###


You could see a friendly ice beast (wandering).

Vanquished Creatures
  A centaur (D:5)
  A crimson imp (D:5)
  A centaur skeleton (D:4)
  A bullfrog skeleton (D:4)
  An orc priest (D:5)
  An iguana (D:4)
  4 worker ants
  2 gnolls (D:2)
  5 adders
  An adder skeleton (D:4)
  4 worms
  4 dart slugs
  8 leopard geckos
  6 orcs
  4 ball pythons
  2 giant cockroaches
  9 hobgoblins
  10 jackals
  2 quokkas
  6 bats
  3 frilled lizards
  8 goblins
  15 kobolds
  9 rats
108 creatures vanquished.

Vanquished Creatures (collateral kills)
  4 jackals (D:5)
  An adder (D:5)
  An orc (D:5)
  A rat (D:2)
7 creatures vanquished.

Vanquished Creatures (others)
  A worker ant (D:5)
  A gnoll (D:2)
  An orc (D:5)
  A kobold (D:2)
  A quokka (D:5)
5 creatures vanquished.

Grand Total: 120 creatures vanquished

Notes
Turn   | Place    | Note
-------+----------+-------------------------------------------
     0 | D:1      | H0rd4k the Human Artificer began the quest for the Orb.
     0 | D:1      | Reached XP level 1. HP: 15/15 MP: 3/3
   471 | D:1      | Reached XP level 2. HP: 20/21 MP: 4/4
   871 | D:1      | Reached XP level 3. HP: 16/26 MP: 5/5
  1568 | D:2      | Reached skill level 1 in Armour
  1569 | D:2      | Gained mutation: You are somewhat resistant to further
                  | mutation. [potion of mutation]
  1569 | D:2      | Gained mutation: Your flesh is heat resistant. (rF+)
                  | [potion of mutation]
  1711 | D:2      | Reached XP level 4. HP: 17/32 MP: 6/6
  2464 | D:2      | Found a shimmering altar of Xom.
  2464 | D:2      | Found a radiant altar of Vehumet.
  2672 | D:3      | Reached XP level 5. HP: 24/37 MP: 7/7
  3821 | D:4      | Reached XP level 6. HP: 22/44 MP: 8/8
  4159 | D:4      | Found a staircase to the Ecumenical Temple.
  4257 | Temple   | Entered the Ecumenical Temple
  4273 | Temple   | Became a worshipper of Gozag Ym Sagoz the Greedy
  4297 | D:4      | Reached skill level 4 in Evocations
  4506 | D:4      | Noticed a phantom
  4537 | D:5      | Entered Level 5 of the Dungeon
  4584 | D:5      | Noticed an ice beast
  4839 | D:5      | Reached XP level 7. HP: 28/51 MP: 10/10
  4848 | D:5      | Reached skill level 1 in Long Blades
  5108 | D:5      | HP: 1/51 [jackal (2)]
  5113 | D:5      | Succumbed to a worker ant's poison

Levels and vault maps discovered:
D:1:      elethiomel_arrival_shortcut, layout_loops_corners, minmay_tetromino_i2
D:2:      layout_rooms, grunt_temple_overflow_open, hex_medium
D:3:      layout_basic
D:4:      layout_rooms, minmay_temple_entry_butterflies, first_ration,
          chequers_mini_garden
D:5:      layout_cave_pools, chequers_serial_rivers_micro_c
Temple:   compressed_dpeg_circular_temple

Skill      XL: |  1  2  3  4  5  6  7 |
---------------+----------------------+-----
Armour         | 1 2 3 |  3.0
Fighting       | 2 |  2.9
Short Blades   | 2 3 |  3.4
Dodging        | 3 |  3.5
Evocations     | 4 |  4.1
Long Blades    | 1 |  1.3
Stealth        | 2 |  2.2
Axes           | |  0.1

Action                   |  1- 3 |  4- 6 |  7- 9 || total
-------------------------+-------+-------+-------++-------
Melee: Short sword       |    89 |    74 |       ||   163
       Hand axe          |    58 |   191 |       ||   249
       Rapier            |       |    35 |    29 ||    64
       Long sword        |       |    22 |       ||    22
Evoke: Wand              |     6 |    36 |    10 ||    52
  Use: Scroll            |     4 |     2 |       ||     6
       Potion            |     2 |       |     4 ||     6
 Stab: Sleeping          |     2 |     4 |       ||     6
       Paralysed         |       |       |     2 ||     2
  Eat: Chunk             |     3 |     5 |       ||     8
       Ration            |       |     2 |       ||     2
Armor: Leather armour    |    55 |    87 |    10 ||   152
Dodge: Dodged            |   112 |   220 |    40 ||   372
       Rpst.: Long sword |       |     9 |       ||     9
